 Dungeon Crawl Stone Soup version 0.19-a0-1210-g5c1aa26 (webtiles) character file.

927 4thArraOfDagon the Ruffian (level 7, 3/66 HPs)
             Began as a Troll Fighter on Aug 22, 2016.
             Was a Follower of Qazlal.
             Quit the game on level 7 of the Dungeon.
             The game lasted 00:04:33 (1060 turns).

4thArraOfDagon the Ruffian (Troll Fighter)          Turns: 1060, Time: 00:04:33

Health: 3/66       AC:  8    Str: 28 (30) XL:     7   Next: 85%
Magic:  7/7        EV:  9    Int:  5 (6)  God:    Qazlal [*.....]
Gold:   56         SH: 11    Dex:  8 (9)  Spells: 0 memorised, 6 levels left

rFire  . . .     SeeInvis .       - Unarmed
rCold  . . .     Gourm    +     a - +0 robe
rNeg   . . .     Faith    .     b - +0 shield
rPois  .         Spirit   .     (helmet restricted)
rElec  .         Dismiss  .     n - +2 cloak
rCorr  .         Reflect  .     (gloves unavailable)
MR     .....     Harm     .     (boots unavailable)
Stlth  +.........               (no amulet)
                                (no ring)
                                m - ring of flight

@: mighty, lethally poisoned (3 -> -2), flying (expiring)
A: unfitting armour, claws 3, fast metabolism 3, gourmand, regeneration 1,
shaggy fur 1, tough skin 2
a: Renounce Religion


You were on level 7 of the Dungeon.
You worshipped Qazlal.
Qazlal was aware of your devotion.
You were full.

You visited 2 branches of the dungeon, and saw 8 of its levels.

You collected 56 gold pieces.

Inventory:

Hand Weapons
 g - a +8 club
Missiles
 e - 2 throwing nets (quivered)
Armour
 a - a +0 robe (worn)
 b - a +0 shield (worn)
 n - a +2 cloak (worn)
Jewellery
 m - a ring of flight (left claw)
Scrolls
 f - 2 scrolls of teleportation {unknown}
 h - a scroll of amnesia {unknown}
 i - a scroll of remove curse {unknown}
 j - a scroll of enchant weapon {unknown}
 o - a scroll of immolation {unknown}
 q - 2 scrolls of fear {unknown}
Comestibles
 d - 3 bread rations
 r - 2 meat rations


   Skills:
 - Level 2.4 Fighting
 - Level 2.4 Dodging
 + Level 4.9 Shields
 * Level 7.3 Unarmed Combat
 + Level 1.5 Invocations


You had 6 spell levels left.
You didn't know any spells.

Dungeon Overview and Level Annotations

Branches:
Dungeon (7/15)             Temple (1/1) D:4

Altars:
Hepliaklqana
Kikubaaqudgha
Nemelex Xobeh
Qazlal
Xom


Innate Abilities, Weirdness & Mutations

You are too large for most types of armour.
You have claws for hands.
Your metabolism is lightning-fast.
You like to eat raw meat.
Your natural rate of healing is unusually fast.
You are covered in fur. (AC +1)
You have very tough skin. (AC +2)


Message History

You aren't carrying any potions.
You aren't carrying any potions.
You aren't carrying any potions.
You closely miss the killer bee.
* * * LOW HITPOINT WARNING * * *
You feel sick.
The killer bee stings you but does no damage.
Unknown command.
You miss the killer bee.
* * * LOW HITPOINT WARNING * * *
You feel sick. You block the killer bee's attack.
The killer bee closely misses you.
Unknown command.
Unknown command.
You barely miss the killer bee.
* * * LOW HITPOINT WARNING * * *
You feel sick. You block the killer bee's attack. x2
Unknown command.
Unknown command.
Are you sure you want to abandon this character and quit the game? (Confirm with "yes".)

...#########
#.......y@.#
...#######.# #.#
#.# #####.#
#.....#
#.#.#######.#####
.......).))<.#
.......####..#


You could see a killer bee.

Vanquished Creatures
  Eustachio (D:4)
  A gnoll sergeant (D:5)
  4 killer bees (D:7)
  A crimson imp (D:5)
  2 hounds (D:4)
  5 orc wizards
  Jessica (D:2)
  4 worker ants
  8 gnolls
  7 adders
  An adder skeleton (D:4)
  A worm (D:4)
  20 orcs
  A giant cockroach (D:3)
  A hobgoblin (D:3)
  4 jackals (D:3)
  3 kobolds
  A bat (D:3)
  2 giant newts
  A rat (D:2)
69 creatures vanquished.

Notes
Turn   | Place    | Note
-------+----------+-------------------------------------------
     0 | D:1      | 4thArraOfDagon the Troll Fighter began the quest for the Orb.
     0 | D:1      | Reached XP level 1. HP: 22/22 MP: 0/0
    97 | D:2      | Noticed Jessica
   103 | D:2      | Reached XP level 2. HP: 29/29 MP: 1/1
   113 | D:2      | Killed Jessica
   113 | D:2      | Reached skill level 3 in Unarmed Combat
   113 | D:2      | Reached XP level 3. HP: 36/36 MP: 2/2
   136 | D:2      | Found a shimmering altar of Xom.
   137 | D:2      | Found a hazy altar of Hepliaklqana.
   137 | D:2      | Noticed a hungry ghost
   138 | D:2      | Noticed a spectral ugly thing
   138 | D:2      | Noticed a hungry ghost
   232 | D:3      | Reached XP level 4. HP: 40/44 MP: 3/3
   317 | D:3      | Reached skill level 4 in Unarmed Combat
   365 | D:3      | Reached XP level 5. HP: 44/50 MP: 4/4
   475 | D:4      | Reached skill level 5 in Unarmed Combat
   544 | D:4      | Found a staircase to the Ecumenical Temple.
   555 | D:4      | Reached XP level 6. HP: 59/59 MP: 5/5
   566 | Temple   | Entered the Ecumenical Temple
   627 | Temple   | Became a worshipper of Qazlal Stormbringer
   660 | D:4      | Noticed Eustachio
   675 | D:4      | Killed Eustachio
   694 | D:4      | Reached skill level 6 in Unarmed Combat
   724 | D:5      | Entered Level 5 of the Dungeon
   804 | D:5      | Reached XP level 7. HP: 22/66 MP: 6/6
  1002 | D:7      | Reached * piety under Qazlal
  1031 | D:7      | Reached skill level 7 in Unarmed Combat
  1031 | D:7      | Reached skill level 1 in Invocations
  1059 | D:7      | HP: 3/66 [poisoned by a killer bee]
  1060 | D:7      | Quit the game

Vault maps used:
D:1:      minmay_arrival_wavy_path
D:2:      regret_index_temple_of_mockery, marbit_many_paths, first_bread,
          uniq_jessica
D:3:      lemuel_coloured_pillars_altar
D:4:      kennysheep_little_box, serial_glass, glass_columns_b, glass_columns_a,
          uniq_eustachio
D:5:      eino_tiny_chamber
D:6:      lemuel_crystal_altar
Temple:   minmay_temple_forest_path

Skill      XL: |  1  2  3  4  5  6  7 |
---------------+----------------------+-----
Unarmed Combat | 3 4 5 6 7 |  7.3
Shields        | 3 4 |  4.9
Invocations    | 1 |  1.5
Fighting       | |  2.4
Dodging        | |  2.4

Action                   |  1- 3 |  4- 6 |  7- 9 || total
-------------------------+-------+-------+-------++-------
Melee: Unarmed           |    20 |   160 |    96 ||   276
  Use: Potion            |       |       |     5 ||     5
  Eat: Chunk             |     2 |     8 |     4 ||    14
Armor: Robe              |     4 |    40 |    27 ||    71
Dodge: Dodged            |     3 |    40 |    19 ||    62
Block: Shield            |     6 |    57 |    61 ||   124
